 Dungeon Crawl Stone Soup version 0.32-a0-921-g04a7ad8e02 (webtiles) character file.

Game seed: 3223099859876901149

455 Revguard the Trooper (level 6, -2/52 HPs)
             Began as a Demonspawn Fighter on Apr 12, 2024.
             Slain by an ufetubus (3 damage)
             ... summoned by Eustachio
             ... on level 4 of the Dungeon.
             The game lasted 00:05:33 (2931 turns).

Revguard the Trooper (Demonspawn Fighter)           Turns: 2931, Time: 00:05:35

Health: -2/52      AC: 10    Str: 16      XL:     6   Next: 76%
Magic:  8/8        EV: 13    Int:  8      God:
Gold:   249        SH:  4    Dex: 11 (13) Spells: 5/5 levels left

rFire   . . .        a - +0 war axe
rCold   . . .        c - +0 buckler
rNeg    . . .        b - +0 scale mail
rPois   .            (helmet restricted)
rElec   .            f - +0 cloak
rCorr   .            (no gloves)
SInv    .            (no boots)
Will    .....        (no amulet) Stlth
                     g - +5 ring of evasion
HPRegen 0.28/turn    s - +4 ring of slaying
MPRegen 0.11/turn

%: no passive effects
@: attractive
A: horns 1, yellow scales 1, robust 1, weak 1
a: no special abilities


You were on level 4 of the Dungeon.
You visited 1 branch of the dungeon, and saw 4 of its levels.

You collected 249 gold pieces.

Inventory:

Hand Weapons
 a - a +0 war axe (weapon)
Armour
 b - a +0 scale mail (worn)
 c - a +0 buckler (worn)
 f - a +0 cloak (worn)
Jewellery
 g - a +5 ring of evasion (left hand)
 s - a +4 ring of slaying (right hand)
Scrolls
 e - a scroll of immolation {unknown}
 h - 3 scrolls of enchant weapon {unknown}
 j - 3 scrolls of enchant armour {unknown}
 k - 6 scrolls of identify {unknown}
 n - a scroll of revelation {unknown}
 o - a scroll of amnesia {unknown}
 q - 2 scrolls of butterflies {unknown}
 r - a scroll of torment {unknown}
Potions
 i - a potion of curing {unknown}
 l - a potion of cancellation
 m - a potion of heal wounds {unknown}
 p - a potion of mutation


   Skills:
 + Level 4.0 Fighting
 + Level 3.0 Axes
 + Level 3.6 Armour
 + Level 2.1 Dodging
 + Level 3.5 Shields
 + Level 3.1 Invocations
 + Level 2.2 Evocations


You had 5 spell levels left.
You didn't know any spells.
Your spell library contained the following spells:

 Spells                   Type           Power      Damage    Failure   Level
 Ensorcelled Hibernation  Hex/Ice        0%         N/A       96%         2
 Dazzling Flash           Conj/Hex       0%         N/A       99%         3
 Frozen Ramparts          Ice            0%         1d1       99%         3
 Fugue of the Fallen      Necr           0%         N/A       99%         3
 Ozocubu's Armour         Ice            0%         N/A       99%         3
 Anguish                  Hex/Necr       0%         N/A       100%        4
 Metabolic Englaciation   Hex/Ice        0%         N/A       100%        5
 Starburst                Conj/Fire      0%         6d3       100%        6
 Manifold Assault         Tloc           0%         N/A       100%        7
 Maxwell's Capacitive Co  Air            0%         ∞         100%        8


Dungeon Overview and Level Annotations

Branches:
Dungeon (4/15)
 Temple: D:4-7

Altars:
Trog

Annotations:
D:4 Eustachio


Innate Abilities, Weirdness & Mutations

You have a pair of small horns on your head.
You are partially covered in yellow scales. (AC +2)
You are robust. (+10% HP)
You are weak. (Str -2)


Message History

The bat hits you but does no damage. Eustachio closely misses you.
You block the shadow imp's attack. The white imp gestures at you.
The puff of frost hits you!
Eustachio casts a spell.
Eustachio blinks!
The bat barely misses you. You block the ufetubus's attack.
The ufetubus closely misses you. The shadow imp hits you.
* * * LOW HITPOINT WARNING * * *
The white imp attacks as it pursues you!
The white imp misses you.
You hit the shadow imp.
You kill the shadow imp!
The shadow imp disappears in a puff of smoke!
You barely miss the bat. You hit the ufetubus. You hit the white imp.
The bat barely misses you. The ufetubus slips past you!
The ufetubus closely misses you. The ufetubus misses you.
The ufetubus hits you but does no damage. x2
The white imp gestures at you. The puff of frost hits you!
* * * LOW HITPOINT WARNING * * *
It was a potion of cancellation.
You feel magically purged. The bat barely misses you.
The ufetubus completely misses you. x2
The white imp closely misses you. Eustachio barely misses you.
You block the ufetubus's attack. x2
It was a potion of mutation.
You feel extremely strange.
You feel weaker.
You feel robust. The ufetubus hits you.
* * * LOW HITPOINT WARNING * * *
The ufetubus hits you but does no damage.
You block the bat's attack. The white imp gestures at you.
The puff of frost misses you. Eustachio barely misses you.
It was a potion of attraction.
You feel attractive to monsters. The bat misses you.
The ufetubus barely misses you. The ufetubus completely misses you.
The white imp closely misses you.
Eustachio mumbles some strange words.
Eustachio blinks!
The ufetubus hits you.
You die...

####.# ##.# .....######..##
..............#
..............#
..............############
##'####......@...........#
#...).......?............#####
#......#+####..5§........'....
.[.....#.# #...@........#####
#..####..# #.b5.........# ##.#
##.## #............#
##.###..#####............#
.......<....'?..†........#
#.#..########............#
#...># #......!.....# ######
#............# #.###'#####+##


You could see Eustachio, a white imp (summoned), an ufetubus (summoned) and a
bat (summoned).

Vanquished Creatures
  Sigmund (D:3)
  A scorpion (D:4)
  Jessica (D:3)
  Natasha (thrice) (D:3)
  7 adders
  4 dart slugs
  2 ribbon worms (D:2)
  An orc (D:3)
  An endoplasm (D:2)
  3 giant cockroaches
  4 hobgoblins
  4 jackals
  A quokka (D:4)
  6 ball pythons
  4 bats
  4 frilled lizards
  5 goblins
  6 kobolds
  3 rats (D:1)
61 creatures vanquished.

Notes
Turn   | Place    | Note
-------+----------+-------------------------------------------
     0 | D:1      | Revguard the Demonspawn Fighter began the quest for the
                  | Orb.
     0 | D:1      | Reached XP level 1. HP: 18/18 MP: 1/1
   431 | D:1      | Gained mutation: You are partially covered in yellow
                  | scales. (AC +2) [demonic ancestry]
   431 | D:1      | Reached XP level 2. HP: 24/24 MP: 2/2
   955 | D:1      | Found a faded altar of an unknown god.
  1184 | D:2      | Reached skill level 1 in Invocations
  1218 | D:2      | Gained mutation: You have a pair of small horns on your
                  | head. [demonic ancestry]
  1218 | D:2      | Reached XP level 3. HP: 27/29 MP: 3/3
  1559 | D:2      | Reached skill level 1 in Evocations
  1912 | D:3      | Noticed Jessica
  1917 | D:3      | Reached XP level 4. HP: 35/35 MP: 5/5
  1926 | D:3      | Killed Jessica
  1927 | D:3      | Reached skill level 1 in Dodging
  2090 | D:3      | Noticed Sigmund
  2104 | D:3      | Killed Sigmund
  2105 | D:3      | Reached XP level 5. HP: 31/42 MP: 6/6
  2105 | D:3      | Reached XP level 6. HP: 35/48 MP: 7/7
  2231 | D:3      | Noticed Natasha
  2235 | D:3      | Killed Natasha
  2361 | D:3      | Noticed Natasha
  2368 | D:3      | Killed Natasha
  2449 | D:3      | Noticed Natasha
  2456 | D:3      | Killed Natasha
  2728 | D:4      | Reached skill level 4 in Fighting
  2881 | D:4      | Found a bloodstained altar of Trog.
  2883 | D:4      | Noticed Eustachio
  2930 | D:4      | Gained mutation: You are weak. (Str -2) [potion of
                  | mutation]
  2930 | D:4      | Gained mutation: You are robust. (+10% HP) [potion of
                  | mutation]
  2930 | D:4      | HP: 1/52 [ufetubus[Eustachio] (4)]
  2931 | D:4      | Slain by an ufetubus

Illustrated notes

Levels and vault maps discovered:
D:1:      dreamdust_arrival_beginning_and_end, layout_basic,
          shapermc_ecumenical_altar_hornbeckon
D:2:      layout_rooms
D:3:      layout_basic, grunt_ministairs_9, uniq_sigmund, uniq_jessica,
          uniq_natasha
D:4:      layout_basic, lemuel_crystal_altar,
          mainiacjoe_overflow_small_starburst, uniq_eustachio

Skill      XL: |  1  2  3  4  5  6 |
---------------+-------------------+-----
Axes           | 2 3 |  3.0
Invocations    | 1 2 3 |  3.1
Armour         | 3 |  3.6
Shields        | 3 |  3.5
Evocations     | 1 2 |  2.2
Dodging        | 1 2 |  2.1
Fighting       | 4 |  4.0

Action                     |  1- 3 |  4- 6 || total
---------------------------+-------+-------++-------
  Melee: War axe           |    93 |    99 ||   192
         Headbutt          |     4 |    11 ||    15
    Use: Potion            |       |     4 ||     4
 Armour: Scale mail        |    69 |   116 ||   185
  Dodge: Dodged            |    85 |   148 ||   233
  Block: Buckler           |    25 |    47 ||    72

Table legend: (Time is in decaauts)
 A = Elapsed time spent in this place.
 B = Non-inter-level travel time spent in this place.
 C = Inter-level travel time spent in this place.
 D = Time resting spent in this place.
 E = Time spent auto-exploring this place.
 F = Levels seen in this place.
 G = Mean time per level.
                   A        B        C        D        E       F      G
               +--------+--------+--------+--------+--------+-----+--------+
         Total |   3017 |   2854 |    163 |     67 |   2173 |   4 |  754.2 |
       Dungeon |   3017 |   2854 |    163 |     67 |   2173 |   4 |  754.2 |
               +--------+--------+--------+--------+--------+-----+--------+

Top non-repeatable levels by time:
     D:1: 1178 daAuts
     D:3: 832 daAuts
     D:2: 778 daAuts
     D:4: 228 daAuts
